 Dungeon Crawl Stone Soup version 0.20-a0-1015-g2ec8a95 (webtiles) character file.

11325 Lochraine the Grappler (level 11, -14/109 HPs)
             Began as a Troll Warper on Apr 15, 2017.
             Was a Priest of Makhleb.
             Demolished by an eight-headed hydra (15 damage)
             ... on level 2 of the Lair of Beasts.
             The game lasted 00:27:06 (8031 turns).

Lochraine the Grappler (Troll Warper)               Turns: 8031, Time: 00:27:07

Health: -14/109    AC:  7    Str: 21    XL:     11   Next: 47%
Magic:  16/16      EV: 14    Int: 15    God:    Makhleb [***...]
Gold:   548        SH:  0    Dex: 10    Spells: 10/12 levels left

rFire    . . .     SeeInvis .     - Unarmed
rCold    . . .     Gourm    +   (no shield)
rNeg     . . .     Faith    .   a - +0 robe
rPois    .         Spirit   .   o - +2 hat
rElec    +         Reflect  .   (no cloak)
rCorr    .         Harm     .   (gloves unavailable)
MR       .....                  (boots unavailable)
Stlth    +.........             G - amulet "Buciz" {*Contam rElec Regen+ Int+4}
Regen    1.1/turn               M - +3 ring of evasion
MPRegen  0.2/turn               n - ring of wizardry

@: no status effects
A: unfitting armour, claws 3, fast metabolism 3, gourmand, regeneration 1,
shaggy fur 1, tough skin 2
a: Minor Destruction, Lesser Servant of Makhleb, Renounce Religion


You were on level 2 of the Lair of Beasts.
You worshipped Makhleb.
Makhleb was most pleased with you.
You were completely stuffed.

You visited 2 branches of the dungeon, and saw 11 of its levels.

You collected 548 gold pieces.

Inventory:

Missiles
 B - 2 javelins of returning (quivered)
Armour
 a - a +0 robe (worn)
 o - a +2 hat (worn)
Jewellery
 l - an uncursed ring of protection from magic
 n - a ring of wizardry (right claw)
 w - a +4 ring of strength
 G - the amulet "Buciz" (around neck) {*Contam rElec Regen+ Int+4}
   (You found it on level 8 of the Dungeon)

   [amulet of regeneration]

   It affects your intelligence (+4).
   It insulates you from electricity.
   It causes magical contamination when unequipped.
   It increases your rate of regeneration.
 M - a +3 ring of evasion (left claw)
 R - a +3 amulet of reflection {unknown}
Wands
 p - a wand of disintegration (8/24)
 q - a wand of digging (9/24)
 D - a wand of paralysis (10/24)
 E - a wand of enslavement (13/24)
 L - a wand of acid (8/15)
 N - a wand of random effects (19/48)
 P - a wand of acid (7/15)
 Q - a wand of random effects (14/48)
Scrolls
 c - 2 scrolls of blinking
 e - 6 scrolls of teleportation
 h - a scroll of fog {unknown}
 j - 4 scrolls of remove curse
 k - a scroll of noise {unknown}
 r - a scroll of enchant armour
 y - 4 scrolls of identify
 z - 2 scrolls of recharging
 H - a scroll of summoning {unknown}
 I - 2 scrolls of random uselessness {unknown}
 J - a scroll of magic mapping {unknown}
 K - a scroll of torment
Potions
 g - 3 potions of curing
 i - a potion of agility {unknown}
 s - a potion of might {unknown}
 u - 3 potions of flight {unknown}
 C - a potion of berserk rage {unknown}
 F - 2 potions of resistance {unknown}
Books
 b - a book of Spatial Translocations

   Spells                             Type                      Level
   a - Blink                          Translocation                2
   b - Shroud of Golubria             Charms/Translocation         2
   c - Lesser Beckoning               Translocation                3
   d - Gell's Gravitas                Translocation                3
   e - Teleport Other                 Translocation                3
   f - Passage of Golubria            Translocation                4
 x - a book of Misfortune

   Spells                             Type                      Level
   a - Confusing Touch                Hexes                        1
   b - Confuse                        Hexes                        3
   c - Gell's Gravitas                Translocation                3
   d - Petrify                        Transmutation/Earth          4
   e - Metabolic Englaciation         Hexes/Ice                    5
   f - Yara's Violent Unravelling     Hexes/Transmutation          5
Comestibles
 d - 4 royal jellies
 f - 8 bread rations
 m - 8 fruits
 t - a meat ration


   Skills:
 + Level 7.0 Fighting
 - Level 0.8 Throwing
 + Level 3.8 Armour
 - Level 5.0 Dodging
 + Level 11.0 Unarmed Combat
 - Level 1.2 Spellcasting
 - Level 2.3 Translocations
 - Level 8.0 Invocations
 + Level 3.1 Evocations


You had 10 spell levels left.
You knew the following spells:

 Your Spells              Type           Power        Failure   Level  Hunger
a - Blink                 Tloc           N/A          6%          2    ###....


Dungeon Overview and Level Annotations

Branches:
Dungeon (9/15)             Temple (0/1) D:5            Lair (2/6) D:8
  Swamp: Lair:2-4    Shoals: Lair:2-4     Snake: Lair:2-4    Spider: Lair:2-4
    Orc: D:9-12

Altars:
Dithmenos
Fedhas
Gozag
Makhleb
Okawaru


Innate Abilities, Weirdness & Mutations

You are too large for most types of armour.
You have claws for hands.
Your metabolism is lightning-fast.
You like to eat raw meat.
Your natural rate of healing is unusually fast.
You are covered in fur. (AC +1)
You have very tough skin. (AC +2)


Message History

The eight-headed hydra bites you! x2
The eight-headed hydra completely misses you.
The eight-headed hydra bites you but does no damage.
The eight-headed hydra bites you!
The eight-headed hydra bites you but does no damage.
The eight-headed hydra bites you.
* * * LOW HITPOINT WARNING * * *
The eight-headed hydra bites you!
* * * LOW HITPOINT WARNING * * *
The eight-headed hydra bites you.
* * * LOW HITPOINT WARNING * * *
The eight-headed hydra closely misses you.
The eight-headed hydra bites you!
* * * LOW HITPOINT WARNING * * *
The eight-headed hydra misses you.
The eight-headed hydra closely misses you.
The eight-headed hydra bites you!
* * * LOW HITPOINT WARNING * * *
The eight-headed hydra bites you!
You die...

..####..#..####.### ..P##.#.#.##
##.#.# ..........P###...######
.....#P.#..#..........#
#...P#....##..#..##..##
.....##.#..#.##.####.##
..P.###...##.#..##.#..#
....##...............##
#.P.#...#..#.#..@.....# ###
..>...<....#....D.#...####.###
...........#.#r..#........D..#
..###.#.......#..##...##.PP..####
#.###.#..(........#..###.........
...####...#.###...#### ##.#...P.P
...# #....## #P.. #..#...## ...#
##..## #..## #.####.## .P.## .P..
#.# #..#


You could see an eight-headed hydra and a porcupine.

Vanquished Creatures
  A two-headed ogre (D:8)
  A death yak (D:7)
  The ghost of Jakanory the Cleaver, a novice MiBe of Trog (D:6)
  A black mamba (Lair:2)
  4 spiny frogs
  A komodo dragon (Lair:2)
  2 blink frogs (Lair:2)
  4 polar bears (Lair:1)
  Prince Ribbit (D:5)
  A hippogriff (Lair:2)
  Grinder (D:4)
  Eustachio (D:4)
  12 yaks
  Menkaure (D:5)
  5 water moccasins (Lair:1)
  2 porcupines (Lair:1)
  An ice beast (D:5)
  An orc warrior (D:7)
  A necrophage (D:6)
  3 phantoms
  2 black bears (Lair:1)
  3 wolves (Lair:2)
  4 centaurs
  4 ogres
  4 crocodiles
  3 bullfrogs
  A scorpion (D:8)
  5 wights (D:7)
  2 howler monkeys
  2 crimson imps
  2 bullfrog zombies
  A centaur zombie (D:8)
  A jelly (D:5)
  4 orc priests
  An iguana (D:8)
  3 orc wizards
  Jessica (D:3)
  4 worker ants
  A killer bee zombie (D:5)
  A hound zombie (D:7)
  2 worker ant zombies
  Robin (D:3)
  11 adders
  A howler monkey skeleton (D:8)
  2 shadow imps
  An ooze (D:7)
  2 adder skeletons
  A dart slug (D:2)
  2 leopard geckos
  15 orcs
  8 bats
  7 giant cockroaches
  10 hobgoblins
  6 jackals
  A quokka (D:3)
  A ball python (Lair:2)
  9 frilled lizards
  7 goblins
  5 kobolds
  7 rats
193 creatures vanquished.

Vanquished Creatures (collateral kills)
  2 blink frogs (Lair:2)
  A water moccasin (Lair:2)
  An adder (Lair:2)
4 creatures vanquished.

Vanquished Creatures (others)
  A fungus (Lair:2)
  3 plants
4 creatures vanquished.

Grand Total: 201 creatures vanquished

Notes
Turn   | Place    | Note
-------+----------+-------------------------------------------
     0 | D:1      | Lochraine the Troll Warper began the quest for the Orb.
     0 | D:1      | Reached XP level 1. HP: 19/19 MP: 1/1
   134 | D:1      | Reached XP level 2. HP: 27/27 MP: 2/2
   263 | D:1      | Reached skill level 3 in Unarmed Combat
   634 | D:1      | Reached XP level 3. HP: 33/33 MP: 3/3
   867 | D:2      | Reached skill level 4 in Unarmed Combat
   916 | D:2      | Found a faded altar of an unknown god.
  1137 | D:3      | Noticed Robin
  1160 | D:3      | Killed Robin
  1160 | D:3      | Reached XP level 4. HP: 33/41 MP: 4/4
  1310 | D:3      | Learned a level 2 spell: Blink
  1317 | D:3      | Found a burning altar of Makhleb.
  1323 | D:3      | Became a worshipper of Makhleb the Destroyer
  1512 | D:3      | Noticed Jessica
  1520 | D:3      | Killed Jessica
  1563 | D:3      | Reached skill level 5 in Unarmed Combat
  1563 | D:3      | Reached XP level 5. HP: 48/48 MP: 5/5
  1898 | D:4      | Noticed Eustachio
  1907 | D:4      | Killed Eustachio
  1907 | D:4      | Reached skill level 1 in Invocations
  1907 | D:4      | Reached XP level 6. HP: 48/55 MP: 6/6
  2061 | D:4      | Noticed Grinder
  2271 | D:5      | Entered Level 5 of the Dungeon
  2271 | D:5      | Noticed Prince Ribbit
  2360 | D:4      | Killed Grinder
  2360 | D:4      | Reached skill level 6 in Unarmed Combat
  2360 | D:4      | Reached XP level 7. HP: 50/62 MP: 6/8
  2625 | D:5      | Noticed Menkaure
  2645 | D:5      | Killed Menkaure
  2658 | D:5      | Found a staircase to the Ecumenical Temple.
  2680 | D:5      | Reached * piety under Makhleb
  2718 | D:5      | HP: 2/62 [ogre/giant club (15)]
  2953 | D:5      | Reached XP level 8. HP: 37/70 MP: 8/10
  2973 | D:5      | Reached skill level 7 in Unarmed Combat
  3108 | D:5      | Killed Prince Ribbit
  3501 | D:5      | Found an opulent altar of Gozag.
  3543 | D:5      | Reached skill level 5 in Dodging
  3592 | D:5      | Reached skill level 5 in Invocations
  3659 | D:5      | Found an iron altar of Okawaru.
  3917 | D:6      | Reached skill level 8 in Unarmed Combat
  3971 | D:6      | Reached XP level 9. HP: 62/80 MP: 12/12
  3972 | D:6      | Noticed Jakanory's ghost (novice MiBe)
  4035 | D:6      | Killed Jakanory's ghost
  4427 | D:7      | Reached ** piety under Makhleb
  4738 | D:7      | Reached skill level 9 in Unarmed Combat
  5319 | D:8      | Found a blossoming altar of Fedhas.
  5345 | D:8      | Found a shadowy altar of Dithmenos.
  5352 | D:8      | Got a twitching lead amulet
  5353 | D:8      | Identified the amulet "Buciz" {*Contam rElec Regen+ Int+4} (You found it on level 8 of the Dungeon)
  5452 | D:8      | Found a staircase to the Lair.
  5453 | D:8      | Noticed a death yak
  5462 | D:8      | Noticed a death yak
  5462 | D:8      | Noticed a death yak
  5523 | D:8      | Noticed a death yak
  5578 | D:7      | Killed a death yak
  5710 | D:8      | Reached XP level 10. HP: 94/94 MP: 14/14
  5834 | D:8      | Noticed a two-headed ogre
  5841 | D:8      | Killed a two-headed ogre
  5841 | D:8      | Reached skill level 5 in Fighting
  6078 | D:8      | Noticed a death yak
  6478 | Lair:1   | Entered Level 1 of the Lair of Beasts
  6546 | Lair:1   | Noticed a spiny frog
  6556 | Lair:1   | Killed a spiny frog
  6556 | Lair:1   | Reached skill level 10 in Unarmed Combat
  6696 | Lair:1   | Reached *** piety under Makhleb
  6696 | Lair:1   | Reached skill level 1 in Armour
  6917 | Lair:1   | Reached skill level 1 in Evocations
  7041 | Lair:1   | Reached XP level 11. HP: 107/107 MP: 16/16
  7884 | Lair:2   | Reached skill level 11 in Unarmed Combat
  7921 | Lair:2   | Noticed an eight-headed hydra
  8031 | Lair:2   | HP: 1/109 [eight-headed hydra (10)]
  8031 | Lair:2   | Demolished by an eight-headed hydra

Vault maps used:
D:1:      minmay_arrival_stone_box, corexii_leaking_fountain
D:2:      chequers_ecumenical_altar_twisty
D:3:      lemuel_upstairs_altar, bloody_makhleb, uniq_jessica, uniq_robin
D:4:      first_bread, uniq_eustachio, uniq_grinder
D:5:      minmay_temple_entry_glass, basic_altar, enter_ossuary_2,
          grunt_ministairs_12, okawaru_metal_pillars_3, uniq_menkaure,
          uniq_prince_ribbit1
D:7:      serial_co_window_serial, co_window_corner_a, co_window_corner_a,
          co_window_corner_a, co_window_paths_b, co_window_paths_b,
          co_window_2corner, co_window_paths_c, co_window_unsneaky_path_c,
          co_window_unsneaky_path_e, co_window_4corner_b, glass_columns_b,
          glass_columns_c, glass_columns_a, glass_columns_b, glass_columns_c
D:8:      kennysheep_little_box, dpeg_lair_monsters, basic_altar,
          columned_hall_lemuel
D:9:      the_bakery
Lair:1:   beast_lair_carwin_large_2
Lair:2:   minmay_swamp_entry_eels, minmay_snake_entry_six_corridors,
          serial_bayou_shore_a

Skill      XL: |  1  2  3  4  5  6  7  8  9 10 11 |
---------------+----------------------------------+-----
Unarmed Combat | 3 4 5 6 8 9 10 11 | 11.0
Dodging        | 2 3 4 5 |  5.0
Invocations    | 1 3 4 5 7 8 |  8.0
Fighting       | 2 4 6 7 |  7.0
Armour         | 2 3 |  3.8
Evocations     | 1 3 |  3.1
Throwing       | |  0.8
Spellcasting   | |  1.2
Translocations | |  2.3

Action                   |  1- 3 |  4- 6 |  7- 9 | 10-12 || total
-------------------------+-------+-------+-------+-------++-------
Melee: Unarmed           |   115 |    92 |   223 |   241 ||   671
       Punch             |       |       |     9 |    12 ||    21
Throw: Tomahawk          |       |     5 |       |       ||     5
       Javelin           |       |       |     1 |     1 ||     2
Invok: Minor Destruction |       |       |    26 |    47 ||    73
       Lesser Servant of |       |       |       |     2 ||     2
Evoke: Wand              |       |     3 |       |       ||     3
  Use: Scroll            |       |     4 |     3 |     8 ||    15
       Potion            |       |       |     2 |     1 ||     3
 Stab: Sleeping          |     1 |       |     1 |       ||     2
       Distracted        |       |       |       |     1 ||     1
  Eat: Chunk             |    16 |    11 |    28 |    24 ||    79
Armor: Robe              |    32 |    23 |    31 |    40 ||   126
Dodge: Dodged            |    54 |    39 |    87 |   130 ||   310
